 Dungeon Crawl Stone Soup version 0.31.0-11-ge490571c62 (webtiles) character file.

Game seed: 8260465576836790562

1323 qw the Skirmisher (level 8, -4/47 HPs)
             Began as a Deep Elf Hunter on Feb 3, 2024.
             Incinerated by a bombardier beetle (6 damage)
             ... with a burning spray
             ... on level 5 of the Dungeon.
             The game lasted 00:00:16 (3088 turns).

qw the Skirmisher (Deep Elf Hunter)                 Turns: 3088, Time: 00:00:17

Health: -4/47      AC:  8    Str: 10    XL:     8   Next: 33%
Magic:  10/10      EV: 17    Int: 15    God:
Gold:   296        SH:  0    Dex: 18    Spells: 7/7 levels left

rFire   . . .        a - +0 shortbow
rCold   . . .        (shield currently unavailable)
rNeg    . . .        f - +1 ring mail
rPois   .            (no helmet)
rElec   .            (no cloak)
rCorr   .            (no gloves)
SInv    .            b - +1 pair of boots
Will    .....        (no amulet)
Stlth   +            d - +5 ring of evasion
HPRegen 0.27/turn    g - +4 ring of slaying {mikee}
MPRegen 0.12/turn

%: no passive effects
@: on fire, glowing
A: no striking features
a: no special abilities


You were on level 5 of the Dungeon.
You visited 1 branch of the dungeon, and saw 5 of its levels.

You collected 296 gold pieces.


   Skills:
 - Level 3.6 Fighting
 - Level 12.1 Ranged Weapons
 - Level 2.3 Armour
 + Level 3.7 Dodging
 - Level 1.2 Stealth


You had 7 spell levels left.
You didn't know any spells.
Your spell library was empty.

Inventory:

Hand Weapons
 a - a +0 shortbow (weapon)
Armour
 b - a +1 pair of boots (worn)
 f - a +1 ring mail (worn)
Jewellery
 d - a +5 ring of evasion (left hand)
 g - a +4 ring of slaying (right hand) {mikee}
Wands
 i - a wand of mindburst (7)
Scrolls
 m - 2 scrolls of teleportation
Potions
 c - a potion of curing {unknown}
 e - a potion of cancellation
 h - 2 potions of enlightenment
 j - a potion of lignification {unknown}
 k - a potion of mutation {unknown}
 o - a potion of brilliance {unknown}

Dungeon Overview and Level Annotations

Branches:
Dungeon (5/15)
 Temple: D:4-7

Altars:
Ashenzari
Gozag
Makhleb
Nemelex Xobeh
Wu Jian
Xom
The Shining One


Message History

You shoot an arrow. The arrow hits the bombardier beetle.
The bombardier beetle is moderately wounded.
You shoot an arrow. The arrow hits the bombardier beetle.
The bombardier beetle is heavily wounded.
The bombardier beetle sprays incendiary fluid at you.
The burning spray hits you.
You are covered in liquid fire!
You shoot an arrow. The arrow hits the bombardier beetle.
The bombardier beetle is almost dead.
The liquid fire burns you!
You shoot an arrow.
The arrow barely misses the bombardier beetle.
The liquid fire burns you!
The bombardier beetle sprays incendiary fluid at you.
The burning spray hits you.
You are even more covered in liquid fire!
You shoot an arrow. The arrow hits the bombardier beetle.
You kill the bombardier beetle!
The liquid fire burns you!
You are on fire!
The liquid fire burns you!
You are on fire!
The liquid fire burns you!
You are on fire!
The liquid fire burns you!
You are on fire!
The liquid fire burns you!
You are on fire!
The liquid fire burns you!
You are on fire!
The liquid fire burns you!
You are on fire!
The liquid fire burns you!
You are on fire!
The liquid fire burns you!
You are on fire!
The liquid fire burns you!
You are on fire!
The liquid fire burns you!
You die...

#+# #########.##.# +.
+...........>#
#...###.###### #.#
#............# #.#
####.#####......###.####
.......@.'......+.......
.###%#####......###.####
.....####.....#
.###.####.###.#
........# #.# ...:.####
#.# #..##. #.# . #.# #.#


There were no monsters in sight!

Vanquished Creatures
  Grinder (D:3)
  Eustachio (D:4)
  A water moccasin (D:5)
  2 black bears
  2 ogres
  3 scorpions
  A howler monkey (D:4)
  A bombardier beetle (D:5)
  2 orc wizards (D:4)
  Terence (D:2)
  9 adders
  3 gnolls (D:4)
  A dart slug (D:1)
  2 ribbon worms
  6 orcs
  8 bats
  8 endoplasms
  2 giant cockroaches (D:1)
  6 goblins
  8 hobgoblins
  6 kobolds
  6 quokkas
  10 ball pythons
  5 frilled lizards
  4 rats
99 creatures vanquished.

Notes
Turn   | Place    | Note
-------+----------+-------------------------------------------
     0 | D:1      | qw the Deep Elf Hunter began the quest for the Orb.
     0 | D:1      | Reached XP level 1. HP: 12/12 MP: 3/3
     0 | D:1      | 0 ||| qw: Version: 0.3-a-155-g5e7d8dd
     0 | D:1      | 0 ||| qw: Game counter: 3077
     0 | D:1      | 0 ||| qw: Melee chars always use a shield: true
     0 | D:1      | 0 ||| qw: God list: Okawaru
     0 | D:1      | 0 ||| qw: Allow faded altars: false
     0 | D:1      | 0 ||| qw: Do Orc after clearing Dungeon:15 true
     0 | D:1      | 0 ||| qw: Do second Lair branch before Depths: true
     0 | D:1      | 0 ||| qw: Lair rune preference: random
     0 | D:1      | 0 ||| qw: Goals: Normal
     0 | D:1      | 0 ||| PLANNING D:1-11
    63 | D:1      | Reached XP level 2. HP: 16/16 MP: 4/4
   117 | D:1      | Reached skill level 6 in Ranged Weapons
   379 | D:1      | Reached XP level 3. HP: 20/20 MP: 5/5
   577 | D:1      | 577 ||| UPGRADING to +0 ring mail.
   587 | D:1      | 587 ||| DROPPING +0 leather armour.
   588 | D:1      | 588 ||| UPGRADING to +5 ring of evasion.
   589 | D:1      | 589 ||| UPGRADING to +4 ring of slaying {mikee}.
   590 | D:1      | 590 ||| READING 3 scrolls labelled CUAVOG DEOBBO.
   590 | D:1      | 590 ||| IDENTIFYING orange potion
   591 | D:1      | 591 ||| READING 2 scrolls of identify.
   591 | D:1      | 591 ||| IDENTIFYING fizzy grey potion
   592 | D:1      | 592 ||| READING scroll of identify.
   592 | D:1      | 592 ||| IDENTIFYING metallic white potion
   593 | D:1      | 593 ||| DROPPING scroll of butterflies.
   625 | D:2      | Reached skill level 7 in Ranged Weapons
   768 | D:2      | Reached XP level 4. HP: 25/25 MP: 6/6
   982 | D:2      | Found a faded altar of an unknown god.
  1099 | D:2      | Noticed Terence
  1107 | D:2      | Killed Terence
  1108 | D:2      | Reached skill level 8 in Ranged Weapons
  1176 | D:2      | Found a shimmering altar of Xom.
  1475 | D:2      | 1475 ||| DROPPING ring of ice.
  1476 | D:2      | 1476 ||| DROPPING +6 ring of intelligence.
  1477 | D:2      | 1477 ||| DROPPING +4 ring of protection.
  1478 | D:2      | 1478 ||| READING scroll labelled ASITUW ARIX.
  1478 | D:2      | 1478 ||| ENCHANTING +0 ring mail.
  1479 | D:2      | 1479 ||| READING 2 scrolls labelled WUGOOJ QUUMA.
  1480 | D:2      | 1480 ||| READING 2 scrolls labelled YVEAC MATHAKI.
  1481 | D:2      | 1481 ||| READING scroll labelled JUYLEW UROD.
  1485 | D:2      | 1485 ||| DROPPING scroll of revelation.
  1486 | D:2      | 1486 ||| DROPPING scroll of noise.
  1521 | D:3      | Found an opulent altar of Gozag.
  1568 | D:3      | Reached XP level 5. HP: 29/29 MP: 7/7
  1600 | D:3      | Noticed an ogre
  1601 | D:3      | 1601 ||| DRINKING potion of haste.
  1605 | D:3      | Killed an ogre
  1606 | D:3      | Reached skill level 9 in Ranged Weapons
  1701 | D:3      | Noticed Grinder
  1702 | D:3      | 1702 ||| ZAPPING wand of mindburst (16) at -5,6 (Grinder;
                  | floor).
  1703 | D:3      | 1703 ||| ZAPPING wand of mindburst (15) at -4,5 (Grinder;
                  | floor).
  1704 | D:3      | 1704 ||| FLEEEEING.
  1707 | D:3      | 1707 ||| ZAPPING wand of mindburst (14) at -1,3 (Grinder;
                  | floor).
  1708 | D:3      | 1708 ||| ZAPPING wand of mindburst (13) at 0,2 (Grinder;
                  | floor).
  1709 | D:3      | 1709 ||| ZAPPING wand of mindburst (12) at 4,0 (Grinder;
                  | floor).
  1710 | D:3      | 1710 ||| ZAPPING wand of mindburst (11) at 3,0 (Grinder;
                  | floor).
  1710 | D:3      | Killed Grinder
  1711 | D:3      | Reached skill level 3 in Fighting
  1711 | D:3      | Reached XP level 6. HP: 34/37 MP: 8/8
  2262 | D:3      | 2262 ||| UPGRADING to +0 pair of boots.
  2267 | D:3      | 2267 ||| READING scroll labelled JEHOSIUMUW.
  2292 | D:4      | 2292 ||| STAIRDANCE
  2298 | D:3      | Reached XP level 7. HP: 30/41 MP: 9/9
  2340 | D:4      | 2340 ||| STAIRDANCE
  2347 | D:3      | Reached skill level 10 in Ranged Weapons
  2349 | D:4      | 2349 ||| STAIRDANCE
  2401 | D:4      | Reached skill level 3 in Dodging
  2522 | D:4      | Found a broken altar of Ashenzari.
  2524 | D:4      | Found a burning altar of Makhleb.
  2525 | D:4      | Found a sparkling altar of Nemelex Xobeh.
  2544 | D:4      | Found a glowing golden altar of the Shining One.
  2544 | D:4      | Noticed Eustachio
  2547 | D:4      | 2547 ||| ZAPPING wand of mindburst (10) at 0,1 (Eustachio;
                  | open_door).
  2548 | D:4      | 2548 ||| ZAPPING wand of mindburst (9) at 0,1 (Eustachio;
                  | open_door).
  2549 | D:4      | 2549 ||| ZAPPING wand of mindburst (8) at 0,1 (Eustachio;
                  | open_door).
  2550 | D:4      | 2550 ||| RETREEEEATING.
  2551 | D:4      | 2551 ||| RETREEEEATING.
  2552 | D:4      | 2552 ||| RETREEEEATING.
  2553 | D:4      | 2553 ||| RETREEEEATING.
  2554 | D:4      | 2554 ||| RETREEEEATING.
  2555 | D:4      | 2555 ||| RETREEEEATING.
  2556 | D:4      | 2556 ||| RETREEEEATING.
  2562 | D:4      | Killed Eustachio
  2632 | D:4      | Found an ornate altar of the Wu Jian Council.
  2767 | D:4      | Reached skill level 11 in Ranged Weapons
  2767 | D:4      | Reached XP level 8. HP: 47/47 MP: 10/10
  2904 | D:4      | 2904 ||| DROPPING ring of willpower.
  2905 | D:4      | 2905 ||| READING scroll of identify.
  2905 | D:4      | 2905 ||| IDENTIFYING puce potion
  2906 | D:4      | 2906 ||| READING scroll labelled RURIREURITED.
  2907 | D:4      | 2907 ||| READING scroll labelled KAAHIPEURE.
  2908 | D:4      | 2908 ||| DROPPING potion of magic.
  2931 | D:5      | Entered Level 5 of the Dungeon
  2935 | D:5      | 2935 ||| STAIRDANCE
  3051 | D:5      | Reached skill level 12 in Ranged Weapons
  3058 | D:5      | 3058 ||| READING scroll of enchant armour.
  3058 | D:5      | 3058 ||| ENCHANTING +0 pair of boots.
  3085 | D:5      | HP: 9/47 [burnt (4)]
  3087 | D:5      | HP: 2/47 [burnt (5)]
  3088 | D:5      | Incinerated by a bombardier beetle

Levels and vault maps discovered:
D:1:      dpeg_arrival_rooms_c, layout_basic, minmay_tetromino_t4
D:2:      layout_basic, basic_altar, nicolae_ecumenical_snake_handling,
          uniq_terence
D:3:      layout_basic, mainiacjoe_overflow_boulevard, uniq_grinder
D:4:      layout_rooms, tso_altar, chequers_temple_overflow_statue_of_worship,
          nzn_wu_jian_contemplation, uniq_eustachio
D:5:      layout_basic, minmay_temple_entry_sparse_star,
          hangedman_abyss_or_decor_slice

Skill      XL: |  1  2  3  4  5  6  7  8 |
---------------+-------------------------+-----
Ranged Weapons | 6 7 8 9 11 12 | 12.1
Fighting       | 3 |  3.6
Dodging        | 3 |  3.7
Armour         | 2 |  2.3
Stealth        | |  1.2

Action                     |  1- 3 |  4- 6 |  7- 9 || total
---------------------------+-------+-------+-------++-------
   Fire: Shortbow          |    68 |    68 |   105 ||   241
  Evoke: Wand              |       |     6 |     3 ||     9
    Use: Scroll            |     3 |     5 |     4 ||    12
         Potion            |       |     1 |       ||     1
 Armour: Leather armour    |     3 |       |       ||     3
         Ring mail         |     1 |     7 |    22 ||    30
  Dodge: Dodged            |     5 |    14 |    52 ||    71

Table legend:
 A = Non-vault XP
 B = Vault XP
 C = Vault XP percentage of total XP
 D = Non-vault monster count
 E = Vault monster count
 F = Vault count percentage of total count
                 A         B        C        D         E       F
            +---------+---------+-------+---------+---------+-------
      Total |    1350 |     541 |  28.6 |      88 |      11 |  11.1
            +---------+---------+-------+---------+---------+-------
        D:1 |      44 |       5 |  10.2 |      25 |       3 |  10.7
        D:2 |      99 |      40 |  28.8 |      17 |       6 |  26.1
        D:3 |     370 |     300 |  44.8 |      18 |       1 |   5.3
        D:4 |     532 |     196 |  26.9 |      24 |       1 |   4.0
        D:5 |     305 |       0 |   0.0 |       4 |       0 |   0.0
            +---------+---------+-------+---------+---------+-------
